 Dungeon Crawl Stone Soup version 0.26-a0-576-gcfaa98f945 (webtiles) character file.

Game seed: 7621611593481754815

702 ANON1729 the Skirmisher (level 7, -1/63 HPs)
             Began as a Minotaur Delver on Aug 22, 2020.
             Killed from afar by Dowan (30 damage)
             ... with a shard of ice
             ... on level 4 of the Dungeon.
             The game lasted 00:03:53 (2341 turns).

ANON1729 the Skirmisher (Minotaur Delver)           Turns: 2341, Time: 00:03:54

Health: -1/63      AC:  3    Str: 19    XL:     7   Next: 39%
Magic:  15/15      EV: 13    Int:  7    God:
Gold:   101        SH:  0    Dex: 11    Spells: 6/6 levels left

rFire    . . .     SeeInvis .   a - +0 falchion
rCold    . . .     Faith    .   (no shield)
rNeg     . . .     Spirit   .   b - +0 leather armour
rPois    .         Reflect  .   (helmet restricted)
rElec    .         Harm     .   (no cloak)
rCorr    .                      (no gloves)
MR       .....                  (no boots)
Stlth    +++.......             (no amulet)
HPRegen  0.20/turn              i - ring of magical power
MPRegen  0.14/turn              (no ring)

@: no status effects
A: retaliatory headbutt, horns 2
a: no special abilities


You were on level 4 of the Dungeon.
You visited 1 branch of the dungeon, and saw 4 of its levels.

You collected 101 gold pieces.

Inventory:

Hand Weapons
 a - a +0 falchion (weapon)
Armour
 b - a +0 leather armour (worn)
Jewellery
 i - a ring of magical power (left hand)
Wands
 g - a wand of digging (3)
Scrolls
 c - a scroll of fog
 d - a scroll of magic mapping
 e - 2 scrolls of fear
 h - a scroll of teleportation {unknown}
 j - a scroll of enchant weapon {unknown}
 k - a scroll of remove curse {unknown}
Potions
 f - a potion of might


   Skills:
 + Level 6.0 Fighting
 * Level 5.6 Long Blades
 * Level 2.2 Armour
 - Level 4.5 Dodging
 - Level 5.3 Stealth


You had 6 spell levels left.
You didn't know any spells.
Your spell library was empty.

Dungeon Overview and Level Annotations

Branches:
Dungeon (6/15)
 Temple: D:4-7

Altars:
Ashenzari
Dithmenos
Kikubaaqudgha

Annotations:
D:4 Dowan, Sigmund


Innate Abilities, Weirdness & Mutations

You reflexively headbutt those who attack you in melee.
You have a pair of horns on your head.


Message History

Dowan is severely wounded.
Dowan gestures wildly while chanting.
Dowan blinks!
Dowan mumbles some strange words.
Dowan blinks!
Dowan hits you but does no damage. Dowan hits you with a +0 dagger.
You hit Dowan.
Dowan is almost dead.
Dowan casts a spell.
Dowan blinks!
You closely miss Dowan.
Dowan is almost dead.
Dowan gestures wildly while chanting.
Dowan blinks!
Dowan no longer looks unusually strong.
Dowan casts a spell at you. The stone arrow misses you.
Dowan points at you and mumbles some strange words.
The shard of ice hits you!!
You die...

#.#≈.....≈#.####### #####.#
#.'≈.!...≈#.......# #.#
#.#≈.....≈#.###...### #.#
#.#≈.....≈#.#.......# #.#
#.#≈.....≈#.#.......# #.#
###≈≈≈≈≈≈≈#.#.....(.###########)#
########.....e.............)))
#.# #.###...#############.. #.#
#.# ##@## #.. #.# #.# #.# #..
#.#####.####.# #.. #..........(.#
#.. ######.#.##### #.. ##.###.###
##.. #.## ##..# ##... ##.###.#.#
##.... ##.#.##.# #.....


You could see Dowan (fast).

Vanquished Creatures
  Duvessa (D:4)
  A phantom (D:6)
  An ogre (D:4)
  A water moccasin zombie (D:6)
  A scorpion (D:5)
  A howler monkey (D:5)
  A bullfrog zombie (D:5)
  A hound (D:5)
  A bullfrog skeleton (D:4)
  An orc wizard (D:4)
  2 iguanas
  3 worker ants
  An adder (D:4)
  A white imp (D:5)
  An ufetubus (D:6)
  An adder skeleton (D:5)
  A dart slug (D:3)
  2 leopard geckos
  8 orcs
  A giant cockroach (D:4)
  A frilled lizard (D:4)
  A giant cockroach zombie (D:5)
33 creatures vanquished.

Notes
Turn   | Place    | Note
-------+----------+-------------------------------------------
     0 | D:5      | ANON1729 the Minotaur Delver began the quest for the Orb.
     0 | D:5      | Reached XP level 1. HP: 19/19 MP: 0/0
    25 | D:5      | Noticed a worker ant
    28 | D:5      | Killed a worker ant
    28 | D:5      | Reached skill level 4 in Fighting
    28 | D:5      | Reached XP level 2. HP: 22/27 MP: 1/1
    89 | D:5      | Found an ancient bone altar of Kikubaaqudgha.
   135 | D:5      | Noticed a howler monkey
   144 | D:5      | Killed a howler monkey
   144 | D:5      | Reached XP level 3. HP: 29/33 MP: 2/2
   148 | D:5      | Noticed a phantom
   170 | D:6      | Reached XP level 4. HP: 7/41 MP: 3/3
   175 | D:6      | Killed a phantom
   175 | D:6      | Reached XP level 5. HP: 5/47 MP: 4/4
   332 | D:6      | Reached skill level 5 in Fighting
   386 | D:6      | Noticed an orc warrior
   450 | D:5      | Found a shadowy altar of Dithmenos.
   458 | D:5      | HP: 2/48 [bullfrog zombie (1)]
   463 | D:5      | Reached skill level 5 in Stealth
   463 | D:5      | Reached XP level 6. HP: 4/56 MP: 5/5
  1146 | D:4      | Found a shattered altar of Ashenzari.
  1480 | D:4      | Reached XP level 7. HP: 57/62 MP: 6/6
  1606 | D:4      | Noticed Sigmund
  1615 | D:4      | Reached skill level 5 in Long Blades
  1615 | D:4      | Reached skill level 1 in Armour
  1633 | D:4      | HP: 1/62 [something/puff of flame (13)]
  2048 | D:4      | Noticed Duvessa
  2069 | D:4      | Killed Duvessa
  2069 | D:4      | Reached skill level 6 in Fighting
  2287 | D:4      | Noticed Dowan
  2341 | D:4      | Killed from afar by Dowan

Illustrated notes

Levels and vault maps discovered:
D:3:      layout_basic, xom_redecorated, lemuel_round_altar, lemuel_doored_altar
D:4:      layout_loops_ring, ashenzari_conservatory_becter, dk_vineyard_1,
          uniq_sigmund, uniq_duvessa
D:5:      layout_rooms, marbit_many_paths, nicolae_dithmenos_the_darkroom
D:6:      layout_loops_ring, lemuel_crystal_altar,
          minmay_temple_entry_gardened_gates

Skill      XL: |  1  2  3  4  5  6  7 |
---------------+----------------------+-----
Fighting       | 4 5 6 |  6.0
Long Blades    | 3 4 5 |  5.6
Dodging        | 3 4 |  4.5
Stealth        | 5 |  5.3
Armour         | 2 |  2.2

Action                   |  1- 3 |  4- 6 |  7- 9 || total
-------------------------+-------+-------+-------++-------
Melee: Falchion          |    13 |    89 |    32 ||   134
       Headbutt          |     5 |    19 |     3 ||    27
  Use: Potion            |     1 |       |     3 ||     4
 Stab: Sleeping          |     2 |       |     1 ||     3
Armor: Leather armour    |     2 |     8 |     1 ||    11
Dodge: Dodged            |    14 |    57 |    18 ||    89
       Rpst.: Falchion   |     3 |    17 |     2 ||    22

Table legend: (Time is in decaauts)
 A = Elapsed time spent in this place.
 B = Non-inter-level travel time spent in this place.
 C = Inter-level travel time spent in this place.
 D = Time resting spent in this place.
 E = Time spent auto-exploring this place.
 F = Levels seen in this place.
 G = Mean time per level.
                   A        B        C        D        E       F      G
               +--------+--------+--------+--------+--------+-----+--------+
         Total |   2340 |   2340 |      0 |   1259 |    609 |   4 |  585.0 |
       Dungeon |   2340 |   2340 |      0 |   1259 |    609 |   4 |  585.0 |
               +--------+--------+--------+--------+--------+-----+--------+

Top non-repeatable levels by time:
     D:4: 1245 daAuts
     D:5: 608 daAuts
     D:3: 262 daAuts
     D:6: 223 daAuts
